 Dungeon Crawl Stone Soup version 0.20.1-1-g8b1a95d (webtiles) character file.

520 Thjof the Digger (level 7, 38/38 HPs)
             Began as a Gargoyle Earth Elementalist on Nov 7, 2017.
             Quit the game on level 5 of the Dungeon.
             The game lasted 00:53:48 (3456 turns).

Thjof the Digger (Gargoyle Earth Elementalist)      Turns: 3456, Time: 00:53:49

Health: 38/38      AC: 10    Str: 12    XL:     7   Next: 21%
Magic:  13/13      EV: 13    Int: 17    God:
Gold:   52         SH:  0    Dex: 13    Spells: 8/14 levels left

rFire    . . .     SeeInvis .   a - +3 mace (protect)
rCold    . . .     Gourm    .   (no shield)
rNeg     + . .     Faith    .   c - +0 robe
rPois    ∞         Spirit   .   v - +0 hat
rElec    +         Reflect  .   m - scarf {repulsion}
rCorr    .         Harm     .   h - +2 pair of gloves
MR       +....                  p - +0 pair of boots
Stlth    ++........             (no amulet)
Regen    0.2/turn               n - ring of protection from magic
MPRegen  0.2/turn               N - +3 ring of dexterity

@: repel missiles
A: negative energy resistance 1, electricity resistance, unbreathing,
petrification resistance, rot immunity, AC +4
a: no special abilities


You were on level 5 of the Dungeon.
You were full.

You visited 1 branch of the dungeon, and saw 5 of its levels.

You collected 224 gold pieces.
You spent 172 gold pieces at shops.

Inventory:

Hand Weapons
 a - a +3 mace of protection (weapon)
 C - a +0 falchion
Missiles
 b - 93 stones
 o - 6 curare-tipped needles
 q - 96 bolts
 y - 86 arrows
 B - 41 poisoned needles
 K - 5 tomahawks (quivered)
Armour
 c - a +0 robe (worn)
 h - a +2 pair of gloves (worn)
 m - a scarf of repulsion (worn)
 p - a +0 pair of boots (worn)
 v - a +0 hat (worn)
 z - a +0 leather armour
Jewellery
 n - a ring of protection from magic (left hand)
 x - an uncursed ring of ice
 N - a +3 ring of dexterity (right hand)
Wands
 D - a wand of enslavement (16/24)
 H - a wand of flame (12/48)
Scrolls
 i - a scroll of enchant armour {unknown}
 j - a scroll of fog
 k - 3 scrolls of remove curse
 l - a scroll of identify
 s - 5 scrolls of teleportation
 w - a scroll of fear {unknown}
Potions
 g - a potion of mutation {unknown}
 r - 2 potions of heal wounds
 u - a potion of resistance
 E - 2 potions of brilliance
 P - a potion of curing {unknown}
Books
 e - a book of Geomancy

   Spells                             Type                      Level
   a - Sandblast                      Earth                        1
   b - Passwall                       Transmutation/Earth          2
   c - Stone Arrow                    Conjuration/Earth            3
   d - Petrify                        Transmutation/Earth          4
   e - Lee's Rapid Deconstruction     Earth                        5
Comestibles
 d - 2 bread rations
 f - 10 fruits
 t - 3 royal jellies
 A - 6 chunks of flesh


   Skills:
 + Level 1.4 Fighting
 + Level 3.3 Maces & Flails
 + Level 2.9 Dodging
 + Level 2.8 Stealth
 - Level 4.0 Spellcasting
 + Level 0.4 Conjurations
 + Level 1.0 Transmutations
 - Level 5.0 Earth Magic
 + Level 0.6 Evocations


You had 8 spell levels left.
You knew the following spells:

 Your Spells              Type           Power        Failure   Level  Hunger
a - Sandblast             Erth           ###...       1%          1    None
b - Passwall              Tmut/Erth      ##........   7%          2    ##.....
c - Stone Arrow           Conj/Erth      ##....       16%         3    ###....


Dungeon Overview and Level Annotations

Branches:
Dungeon (5/15)
 Temple: D:4-7

Altars:
Trog

Shops:
D:4 =   D:5 }:(


Innate Abilities, Weirdness & Mutations

You are resistant to torment.
Your stone body is resilient. (AC +4)
You are immune to poison.
You resist negative energy. (rN+)
You are resistant to electric shocks. (rElec)
You can survive without breathing.
You are immune to petrification.
You are immune to rotting.


Message History

A - a chunk of flesh;
A - 3 chunks of flesh (gained 2)
Things that are here:
a jackal corpse x2
Butcher a jackal corpse? [(y)es/(c)hoosy/(n)o/(a)ll/(e)dible/(q)uit/?]
You butcher the jackal corpse.
HP restored.
You butcher the jackal corpse.
A - 4 chunks of flesh (gained 1);
A - 6 chunks of flesh (gained 2)
You now have 52 gold pieces (gained 4).
You see here a falchion.
C - a falchion
Found a smoky yellow potion.
D - a wand of enslavement (?/24)
There are no items here.
As you read the scroll of identify, it crumbles to dust.
D - a wand of enslavement (16/24)
Found 8 arrows.
s - 5 scrolls of teleportation (gained 3)
There is an entrance to Quwnuec's Weapon Shoppe here.
Unknown command.
Are you sure you want to abandon this character and quit the game? (Confirm with "yes".)

###### #....# ## #....# ! .#
#....#######.# .# ..
#............# .#
....#######...........###.#
..... ...# #@...........<..#
#'##.###.###....#####...####
..........................
........................(
#.....∩#.#########.....
#......#.###########...
#......#.......... #...
###......##.......# #. .
#........##.......#


There were no monsters in sight!

Vanquished Creatures
  A big kobold (D:4)
  2 scorpions (D:4)
  A crimson imp (D:5)
  A hound (D:4)
  2 orc wizards (D:4)
  An orc priest (D:3)
  Ijyb (D:3)
  2 iguanas (D:4)
  An adder (D:4)
  2 oozes
  2 dart slugs
  3 leopard geckos (D:3)
  8 orcs
  2 ball pythons (D:4)
  6 bats
  3 giant cockroaches (D:3)
  9 goblins
  5 hobgoblins
  4 jackals (D:5)
  7 kobolds
  4 frilled lizards
  5 rats
72 creatures vanquished.

Vanquished Creatures (others)
  An orc wizard (D:3)
1 creature vanquished.

Grand Total: 73 creatures vanquished

Notes
Turn   | Place    | Note
-------+----------+-------------------------------------------
     0 | D:1      | Thjof the Gargoyle Earth Elementalist began the quest for the Orb.
     0 | D:1      | Reached XP level 1. HP: 10/10 MP: 3/3
   252 | D:1      | Reached skill level 4 in Earth Magic
   252 | D:1      | Reached XP level 2. HP: 15/15 MP: 3/5
   262 | D:1      | Learned a level 2 spell: Passwall
   784 | D:2      | Reached XP level 3. HP: 19/19 MP: 4/6
   800 | D:2      | Learned a level 3 spell: Stone Arrow
   985 | D:2      | Found a bloodstained altar of Trog.
  1806 | D:3      | Noticed Ijyb
  1816 | D:3      | Reached XP level 4. HP: 24/24 MP: 1/8
  2218 | D:3      | Reached XP level 5. HP: 28/28 MP: 0/10
  2265 | D:3      | Killed Ijyb
  2523 | D:5      | Entered Level 5 of the Dungeon
  2528 | D:5      | Reached skill level 5 in Earth Magic
  2771 | D:4      | Reached skill level 1 in Maces & Flails
  2772 | D:4      | Reached XP level 6. HP: 19/32 MP: 4/12
  2789 | D:4      | Reached skill level 1 in Transmutations
  2919 | D:4      | Found Watt's Jewellery Shop.
  3186 | D:4      | Reached skill level 1 in Fighting
  3186 | D:4      | Reached XP level 7. HP: 38/38 MP: 9/13
  3264 | D:4      | Bought a +3 ring of dexterity for 172 gold pieces
  3342 | D:5      | Found Mudurraa's Gadget Emporium.
  3393 | D:5      | Found Fokle's Book Boutique.
  3398 | D:5      | Found Quwnuec's Weapon Shoppe.
  3456 | D:5      | Quit the game

Skill      XL: |  1  2  3  4  5  6  7 |
---------------+----------------------+-----
Earth Magic    | 4 5 |  5.0
Dodging        | 2 |  2.9
Spellcasting   | 3 4 |  4.0
Maces & Flails | 1 2 3 |  3.3
Transmutations | 1 |  1.0
Fighting       | 1 |  1.4
Stealth        | |  2.8
Conjurations   | |  0.4
Evocations     | |  0.6

Action                   |  1- 3 |  4- 6 |  7- 9 || total
-------------------------+-------+-------+-------++-------
Melee: Club              |    26 |    11 |       ||    37
       Morningstar       |       |     9 |       ||     9
       Mace              |       |    76 |    15 ||    91
 Cast: Sandblast         |    44 |    37 |     5 ||    86
       Stone Arrow       |     6 |     7 |     2 ||    15
       Passwall          |       |     3 |       ||     3
Evoke: Wand              |       |     6 |       ||     6
  Use: Scroll            |     2 |     7 |     2 ||    11
       Potion            |       |     2 |       ||     2
 Stab: Sleeping          |     4 |     1 |       ||     5
  Eat: Chunk             |     4 |     1 |       ||     5
       Bread ration      |       |     1 |       ||     1
       Meat ration       |       |       |     1 ||     1
Armor: Robe              |    20 |    56 |     7 ||    83
Dodge: Dodged            |    28 |    72 |    13 ||   113
       Deflected         |     6 |     2 |       ||     8
